 Dungeon Crawl Stone Soup version 0.18-a0-1611-g00361b8 (webtiles) character file.

71187 bagorind the Peltast (level 14, -18/133 HPs)
             Began as a Minotaur Fighter on Mar 22, 2016.
             Was the Champion of Okawaru.
             Demolished by an alligator snapping turtle (27 damage)
             ... on level 3 of the Shoals.
             The game lasted 03:44:56 (22814 turns).

bagorind the Peltast (Minotaur Fighter)            Turns: 22814, Time: 03:44:57

Health: -18/133    AC: 30    Str: 26    XL:     14   Next: 96%
Magic:  17/17      EV: 10    Int:  5    God:    Okawaru [******]
Gold:   1637       SH: 16    Dex: 14    Spells: 0 memorised, 13 levels left

rFire  + + .     SeeInvis .     w - +7 scimitar (flame)
rCold  . . .     Gourm    +     R - +0 plate armour {rF+}
rNeg   . . .     Faith    .     S - +2 shield {AC+3}
rPois  .         Spirit   .     W - +2 hat of Gujeablu {+Blink rF+ rCorr Str+4}
rElec  .         Dismiss  .     b - +2 cloak {+Inv}
rCorr  +         Reflect  .     X - +2 pair of gloves of Lafiowelyb {MR++}
SustAt .         Harm     .     u - +0 pair of boots
MR     ++++.                    p - amulet of the gourmand
Stlth  ..........               y - ring of protection from magic
                                Q - +2 ring of slaying

@: about to teleport, drained, incredibly resistant to hostile enchantments,
extremely unstealthy
A: retaliatory headbutt, horns 2
a: Heroism, Finesse, Renounce Religion, Evoke Blink, Evoke Invisibility


You were on level 3 of the Shoals.
You worshipped Okawaru.
Okawaru was exalted by your worship.
You were not hungry.

You visited 4 branches of the dungeon, and saw 20 of its levels.

You collected 1861 gold pieces.
You spent 224 gold pieces at shops.

Inventory:

Hand Weapons
 w - a +7 scimitar of flaming (weapon)
 A - a +0 rapier of speed
 L - the +9 long sword of Power {slice, rF++ rC- Dex+5}
   (Okawaru gifted it to you on level 1 of the Lair of Beasts)

   It inflicts extra damage upon your enemies.
   It affects your dexterity (+5).
   It greatly protects you from fire.
   It makes you vulnerable to cold.
Missiles
 v - 7 steel javelins
 U - 2 javelins of returning (quivered)
Armour
 b - a +2 cloak of invisibility (worn)
 u - a +0 pair of boots (worn)
 C - the +0 hat of Protective Custody {MP+9 Int+4}
   (You acquired it on level 1 of the Shoals)

   It affects your intelligence (+4).
   It affects your magic capacity (+9).
 R - a +0 plate armour of fire resistance (worn)
 S - a +2 shield of protection (worn)
 V - a +1 cloak of poison resistance
 W - the +2 hat of Gujeablu (worn) {+Blink rF+ rCorr Str+4}
   (You acquired it on level 1 of the Shoals)

   It affects your strength (+4).
   It protects you from fire.
   It lets you blink.
   It protects you from acid and corrosion.
 X - the +2 pair of gloves of Lafiowelyb (worn) {MR++}
   (You acquired it on level 1 of the Shoals)

   It affects your resistance to hostile enchantments.
Jewellery
 i - a +3 amulet of reflection
 l - an uncursed ring of wizardry
 p - an amulet of the gourmand (around neck)
 s - an uncursed ring of flight
 x - a +2 ring of evasion
 y - a ring of protection from magic (right hand)
 I - an uncursed amulet of regeneration
 K - a +6 ring of intelligence
 Q - a +2 ring of slaying (left hand)
Wands
 c - a wand of iceblast (10/15)
 e - a wand of paralysis (24/24)
 n - a wand of digging (3/24)
 r - a wand of polymorph (11/24)
 t - a wand of enslavement (10/24)
 E - a wand of iceblast (8/15)
 H - a wand of polymorph (17/24)
 Y - a wand of disintegration (7/24)
Scrolls
 a - a scroll of enchant armour
 d - 6 scrolls of identify
 g - 2 scrolls of torment {unknown}
 h - 9 scrolls of remove curse
 j - 3 scrolls of teleportation
 m - 2 scrolls of fog
 M - 2 scrolls of recharging
 N - 2 scrolls of magic mapping
 Z - a scroll of amnesia {unknown}
Potions
 q - 2 potions of resistance
 B - 5 potions of might
 D - a potion of curing
 F - a potion of agility
 O - 3 potions of cancellation
Books
 T - a Necronomicon

   Spells                             Type                      Level
   a - Haunt                          Necromancy/Summoning         7
   b - Borgnjor's Revivification      Necromancy                   8
   c - Death's Door                   Charms/Necromancy            8
   d - Necromutation                  Transmutation/Necromancy     8
Miscellaneous
 J - a phial of floods
Comestibles
 f - 10 bread rations
 k - 9 fruits
 o - 3 beef jerkies
 z - 6 meat rations
 G - 21 royal jellies


   Skills:
 * Level 14.3(13.9) Fighting
 + Level 14.2(13.8) Long Blades
 - Level 8.0(7.7) Throwing
 * Level 14.2(13.8) Armour
 + Level 4.5(4.2) Dodging
 - Level 0.5(0.2) Stealth
 - Level 15.0(14.6) Shields
 - Level 5.3(5.0) Invocations
 - Level 4.0(3.7) Evocations


You had 13 spell levels left.
You didn't know any spells.

Dungeon Overview and Level Annotations

Branches:
Dungeon (10/15)            Temple (0/1) D:6            Lair (4/8) D:10
 Shoals (4/4) Lair:4          Orc (2/2) D:10            Elf (0/3) Orc:2
  Snake: Lair:3-6    Spider: Lair:3-6

Altars:
Cheibriados
Dithmenos
Elyvilon
Kikubaaqudgha
Okawaru
Pakellas
Trog
Vehumet
Yredelemnul
Zin
The Shining One
Beogh

Shops:
D:5 :   Orc:2 ([*:   Shoals:3 [   Shoals:4 [

Annotations:
Shoals:4 exclusion: Roxanne, Ilsuiw, Roxanne


Innate Abilities, Weirdness & Mutations

You reflexively headbutt those who attack you in melee.
You have a pair of horns on your head.


Message History

You feel drained.
* * * LOW HITPOINT WARNING * * *
You climb upwards.
There is a stone staircase leading down here.
Drink which item? (? for menu, Esc to quit)
Okay, then.
Read which item? (? for menu, Esc to quit)
As you read the scroll of teleportation, it crumbles to dust.
You feel strangely unstable. The harpy barely misses you.
You block the harpy's attack.
The alligator snapping turtle bites you!!
* * * LOW HITPOINT WARNING * * *
You block the snapping turtle's attack.
Unknown command.
Drink which item? (? for menu, Esc to quit)
You feel better. The harpy claws you!
* * * LOW HITPOINT WARNING * * *
You block the harpy's attack.
The alligator snapping turtle bites you!!
You die...

.).....≈≈≈≈≈≈.##≈≈≈≈≈≈≈≈≈≈≈≈≈[...
..≈≈≈≈≈P≈≈≈≈≈.#.P≈≈≈≈≈≈≈≈≈≈≈≈....
≈≈≈≈..≈≈≈≈≈≈≈≈≈≈≈≈≈≈≈≈≈≈≈≈≈≈≈.().
≈.....≈≈≈≈≈P≈P≈≈≈≈≈≈≈≈≈≈≈≈≈≈....≈
.≈≈≈≈≈≈≈≈≈P≈PP≈≈≈≈≈≈≈≈≈≈≈≈.....♣≈
.≈≈.≈≈PPP≈P≈≈P≈≈≈≈≈≈≈≈≈≈≈........
>.≈..≈...#.≈P≈≈≈≈≈≈≈≈≈≈≈≈........
.....≈.####..≈P≈t≈≈≈≈≈≈≈≈........
≈..≈≈≈.# #..P≈t@≈≈≈≈≈≈P≈PPP...P.
≈≈....## #.<≈≈≈H≈≈≈≈≈P≈≈###.#...
≈≈≈.### #≈≈≈≈≈≈≈≈≈≈≈≈P≈....#..P
≈≈.## #()≈≈≈≈≈≈≈≈≈P≈#.....#P≈
≈≈.## #.≈≈P≈≈≈≈≈≈≈P#≈≈.....#.
≈≈..# ##.≈≈≈≈≈≈≈≈≈≈P#≈≈≈<..P#≈
≈≈..# ##..?≈≈≈≈≈≈≈≈≈≈#.≈≈....#≈
≈≈≈.## #.≈≈.≈≈≈≈≈≈≈≈≈P≈#).....P.
≈≈...#####..............##†..##..


You could see an alligator snapping turtle, a snapping turtle and a harpy.

Vanquished Creatures
  Nikola (Shoals:1)
  Polyphemus (Shoals:2)
  Kirke (Shoals:4)
  An orc warlord (Orc:2)
  2 merfolk impalers
  A catoblepas (Shoals:1)
  3 merfolk avatars
  2 merfolk aquamancers
  2 death yaks
  An alligator snapping turtle (Shoals:3)
  Erica (D:9)
  A satyr (Shoals:3)
  Sonja (Lair:2)
  Urug (Lair:3)
  An orc high priest (Orc:2)
  6 sea snakes
  11 harpies
  4 orc knights
  6 orc sorcerers
  7 fauns
  6 griffons
  A cyclops (Shoals:2)
  4 manticores
  2 black mambas (Lair:1)
  5 water nymphs
  A torpor snail (Lair:3)
  9 sirens
  Maurice (Orc:1)
  5 spiny frogs
  A centaur zombie (D:10)
  A komodo dragon (Lair:2)
  16 merfolk
  A queen bee (Lair:2)
  A troll (Orc:2)
  A two-headed ogre (D:10)
  Grinder (D:3)
  8 blink frogs
  6 snapping turtles
  Sigmund (D:4)
  20 yaks
  A hog (Shoals:4)
  8 water elementals
  A basilisk (Lair:1)
  9 hippogriffs
  2 hungry ghosts
  2 steam dragons (D:6)
  Menkaure (D:7)
  5 wargs
  2 soldier ants
  5 water moccasins
  Duvessa (D:4)
  2 sky beasts (D:10)
  6 porcupines
  25 orc warriors
  11 ice beasts
  An eye of draining (D:10)
  A black bear (D:7)
  11 ogres
  6 wolves (Lair:1)
  9 crocodiles
  4 centaurs
  A big kobold (D:7)
  10 giant frogs
  A wyvern zombie (D:7)
  Dowan (D:4)
  2 scorpions
  A wyvern skeleton (D:10)
  23 killer bees
  6 wights
  8 howler monkeys
  5 crimson imps
  2 giant frog zombies
  2 jellies
  A quasit (D:8)
  16 orc priests
  3 hounds (D:8)
  17 orc wizards
  A centaur skeleton (D:8)
  Crazy Yiuf (D:3)
  A giant frog skeleton (D:7)
  11 iguanas
  9 worker ants
  9 hell rats
  4 sheep (Shoals:2)
  2 hound skeletons
  Robin (D:3)
  A howler monkey zombie (D:7)
  4 gnolls (D:5)
  13 adders
  33 river rats
  4 shadow imps
  An adder skeleton (D:6)
  2 adder zombies
  3 worms
  3 dart slugs
  6 giant geckos
  52 orcs
  A bat zombie (D:2)
  4 giant cockroaches
  16 goblins
  7 hobgoblins
  15 jackals
  5 quokkas
  14 bats
  4 giant newts
  12 kobolds
  25 rats
  2 rat zombies (D:2)
  A bush (D:2)
  2 butterflies (Lair:3)
  4 fungi
  11 plants
641 creatures vanquished.

Vanquished Creatures (others)
  2 fauns
  3 humans (Shoals:4)
  6 fungi
  5 plants
16 creatures vanquished.

Grand Total: 657 creatures vanquished

Notes
Turn   | Place    | Note
--------------------------------------------------------------
     0 | D:1      | bagorind the Minotaur Fighter began the quest for the Orb.
     0 | D:1      | Reached XP level 1. HP: 19/19 MP: 0/0
   224 | D:1      | Reached XP level 2. HP: 14/27 MP: 1/1
   799 | D:2      | Reached XP level 3. HP: 31/33 MP: 2/2
  1043 | D:2      | Found an ancient bone altar of Kikubaaqudgha.
  1098 | D:2      | Reached XP level 4. HP: 40/40 MP: 3/3
  1195 | D:2      | Gained mutation: Your spells are a little harder to cast, but a little more powerful. [potion of mutation]
  1195 | D:2      | Gained mutation: You are agile. (Dex +2) [potion of mutation]
  1195 | D:2      | Gained mutation: You tend to lose your temper in combat. [potion of mutation]
  1251 | D:2      | Found a basalt altar of Yredelemnul.
  1251 | D:2      | Found a bloodstained altar of Trog.
  1251 | D:2      | Found an oddly glowing altar of Pakellas.
  1356 | D:2      | Reached skill level 5 in Long Blades
  1593 | D:2      | Found a shadowy altar of Dithmenos.
  1715 | D:3      | Noticed Grinder
  1759 | D:3      | Killed Grinder
  1759 | D:3      | Reached XP level 5. HP: 23/46 MP: 4/4
  1759 | D:3      | Reached XP level 6. HP: 26/52 MP: 5/5
  2043 | D:3      | Noticed Robin
  2060 | D:3      | Killed Robin
  2217 | D:3      | Reached skill level 4 in Shields
  2727 | D:3      | Noticed Crazy Yiuf
  2732 | D:3      | Killed Crazy Yiuf
  2834 | D:4      | Noticed Duvessa
  2834 | D:4      | Noticed Dowan
  3005 | D:4      | Noticed Sigmund
  3299 | D:4      | Killed Sigmund
  3299 | D:4      | Reached skill level 5 in Fighting
  3299 | D:4      | Reached skill level 1 in Throwing
  3299 | D:4      | Reached XP level 7. HP: 55/61 MP: 6/6
  3362 | D:4      | Found a white marble altar of Elyvilon.
  3362 | D:4      | Found a glowing silver altar of Zin.
  3390 | D:4      | Found a radiant altar of Vehumet.
  3737 | D:4      | Killed Duvessa
  3746 | D:4      | Killed Dowan
  3746 | D:4      | Reached skill level 5 in Shields
  3984 | D:5      | Entered Level 5 of the Dungeon
  4132 | D:5      | Reached XP level 8. HP: 68/70 MP: 7/7
  4295 | D:5      | Reached skill level 5 in Armour
  5006 | D:5      | Found Ijokani's Book Emporium.
  5354 | D:6      | Found an iron altar of Okawaru.
  5367 | D:6      | Became a worshipper of Warmaster Okawaru
  5503 | D:6      | Found a snail-covered altar of Cheibriados.
  5599 | D:6      | Found a staircase to the Ecumenical Temple.
  5773 | D:6      | Reached * piety under Okawaru
  5773 | D:6      | Reached skill level 6 in Shields
  6151 | D:6      | Reached XP level 9. HP: 57/79 MP: 8/8
  6349 | D:7      | Found an iron altar of Okawaru.
  6447 | D:7      | Reached skill level 10 in Long Blades
  6592 | D:7      | Reached ** piety under Okawaru
  6621 | D:7      | Noticed Menkaure
  6628 | D:7      | Killed Menkaure
  7327 | D:7      | Reached skill level 7 in Shields
  7688 | D:8      | Found a glowing golden altar of the Shining One.
  7704 | D:8      | Reached XP level 10. HP: 67/91 MP: 9/9
  7776 | D:8      | Reached *** piety under Okawaru
  8331 | D:9      | Noticed Erica
  8430 | D:8      | Reached skill level 1 in Invocations
  8453 | D:9      | Killed Erica
  8453 | D:9      | Reached skill level 5 in Throwing
  8791 | D:9      | Reached **** piety under Okawaru
  9232 | D:10     | Entered Level 10 of the Dungeon
  9247 | D:10     | Found a staircase to the Orcish Mines.
  9680 | D:10     | Found a staircase to the Lair.
  9780 | D:10     | Received a gift from Okawaru
  9929 | D:10     | Lost mutation: You are agile. (Dex +2) [potion of cure mutation]
  9929 | D:10     | Lost mutation: You tend to lose your temper in combat. [potion of cure mutation]
  9929 | D:10     | Lost mutation: Your spells are a little harder to cast, but a little more powerful. [potion of cure mutation]
 10225 | Orc:1    | Entered Level 1 of the Orcish Mines
 10225 | Orc:1    | Noticed an orc sorcerer
 10233 | Orc:1    | Killed an orc sorcerer
 10234 | Orc:1    | Noticed an orc knight
 10234 | Orc:1    | Noticed an orc sorcerer
 10249 | D:10     | Reached XP level 11. HP: 34/99 MP: 12/12
 10609 | Orc:1    | Noticed a sun demon
 10771 | D:10     | Killed an orc knight
 10772 | D:10     | Reached skill level 10 in Fighting
 10924 | D:10     | Reached ***** piety under Okawaru
 10992 | Orc:1    | Killed an orc sorcerer
 11020 | Orc:1    | Noticed Maurice
 11040 | Orc:1    | Killed Maurice
 11326 | Orc:2    | Entered Level 2 of the Orcish Mines
 11414 | Orc:2    | Noticed an orc sorcerer
 11414 | Orc:2    | Paralysed by an orc sorcerer for 2 turns
 11421 | Orc:2    | Paralysed by an orc sorcerer for 3 turns
 11429 | Orc:2    | Killed an orc sorcerer
 11542 | Orc:2    | Found a staircase to the Elven Halls.
 11543 | Orc:2    | Noticed an orc knight
 11564 | Orc:2    | Killed an orc knight
 11582 | Orc:1    | Noticed an orc sorcerer
 11811 | D:10     | Reached skill level 10 in Armour
 11991 | Orc:2    | Noticed an orc knight
 12014 | Orc:2    | Killed an orc knight
 12014 | Orc:2    | Received a gift from Okawaru
 12019 | Orc:2    | Reached skill level 1 in Dodging
 12080 | Orc:2    | Noticed an orc sorcerer
 12093 | Orc:2    | Killed an orc sorcerer
 12127 | Orc:2    | Noticed an orc sorcerer
 12143 | Orc:2    | Reached skill level 8 in Shields
 12159 | Orc:2    | Noticed a sun demon
 12356 | Orc:1    | Killed an orc sorcerer
 12620 | Orc:2    | Noticed an orc high priest
 12630 | Orc:2    | Killed an orc high priest
 12641 | Orc:2    | Reached XP level 12. HP: 81/107 MP: 14/14
 12685 | Orc:2    | Reached skill level 5 in Invocations
 12766 | Orc:2    | Noticed an orc warlord
 12830 | Orc:2    | Killed an orc warlord
 12831 | Orc:2    | Found a roughly hewn altar of Beogh.
 12836 | Orc:2    | Found Tacs's Antique Weapon Boutique.
 12875 | Orc:2    | Found Cionikim's Antique Armour Boutique.
 12879 | Orc:2    | Found Boint's Book Boutique.
 12885 | Orc:2    | Found Xeydoal's General Store.
 13205 | Lair:1   | Entered Level 1 of the Lair of Beasts
 13372 | Lair:1   | Received a gift from Okawaru
 13739 | Lair:1   | Received a gift from Okawaru
 13740 | Lair:1   | Got a slimy long sword {god gift}
 13741 | Lair:1   | Identified the +9 long sword of Power {slice, rF++ rC- Dex+5} (Okawaru gifted it to you on level 1 of the Lair of Beasts)
 13887 | Lair:1   | Reached skill level 1 in Evocations
 13923 | Lair:1   | Reached skill level 9 in Shields
 14109 | Lair:2   | Noticed Sonja
 14381 | Lair:2   | Killed Sonja
 15078 | Lair:3   | Noticed Urug
 15084 | Lair:3   | Killed Urug
 15084 | Lair:3   | Reached skill level 10 in Shields
 15291 | Lair:3   | Reached XP level 13. HP: 114/118 MP: 16/16
 15300 | Lair:3   | Received a gift from Okawaru
 15459 | Lair:3   | Found a frozen archway.
 15900 | Lair:4   | Reached ****** piety under Okawaru
 16246 | Lair:4   | Found a staircase to the Shoals.
 16871 | Orc:2    | Reached skill level 11 in Shields
 17016 | Shoals:1 | Entered Level 1 of the Shoals
 17030 | Shoals:1 | Identified 3 scrolls of acquirement
 17031 | Shoals:1 | Got a pair of brightly glowing gloves
 17042 | Shoals:1 | Identified the +2 pair of gloves of Lafiowelyb {MR++} (You acquired it on level 1 of the Shoals)
 17392 | Shoals:1 | Noticed a merfolk impaler
 17400 | Shoals:1 | Killed a merfolk impaler
 17480 | Shoals:1 | Reached skill level 12 in Shields
 17756 | Shoals:1 | Received a gift from Okawaru
 17756 | Shoals:1 | Reached skill level 13 in Shields
 18086 | Shoals:1 | Reached skill level 14 in Shields
 18362 | Shoals:1 | Reached XP level 14. HP: 92/127 MP: 17/17
 18411 | Shoals:2 | Noticed Polyphemus
 19159 | Shoals:2 | Killed Polyphemus
 19181 | Shoals:2 | Reached skill level 15 in Shields
 19570 | Shoals:2 | Noticed Nikola
 19788 | Shoals:1 | Got a warped hat
 19794 | Shoals:1 | Identified the +0 hat of Protective Custody {MP+9 Int+4} (You acquired it on level 1 of the Shoals)
 19797 | Shoals:1 | Got a dazzling hat
 19808 | Shoals:1 | Identified the +2 hat of Gujeablu {+Blink rF+ rCorr Str+4} (You acquired it on level 1 of the Shoals)
 20077 | Shoals:1 | Killed Nikola
 20077 | Shoals:1 | Received a gift from Okawaru
 20136 | Shoals:1 | Got an ichor-stained spear {god gift}
 20137 | Shoals:1 | Identified the +4 spear "Nudit" {flame, +Rage MP+9 Str-3 Int+7} (Okawaru gifted it to you on level 1 of the Shoals)
 21531 | Shoals:3 | Found Raxohur's Antique Armour Boutique.
 21561 | Shoals:3 | Received a gift from Okawaru
 21617 | Shoals:3 | Bought a brightly glowing leather armour for 224 gold pieces
 21931 | Shoals:2 | Received a gift from Okawaru
 22047 | Shoals:3 | Received a gift from Okawaru
 22060 | Shoals:3 | Identified the +1 leather armour of Aloditt {rCorr Str+2} (You bought it in a shop on level 3 of the Shoals)
 22267 | Shoals:4 | Entered Level 4 of the Shoals
 22267 | Shoals:4 | Found Safaus's Armour Shoppe.
 22339 | Shoals:4 | Noticed Kirke
 22347 | Shoals:4 | Killed Kirke
 22349 | Shoals:4 | Noticed Roxanne
 22803 | Shoals:4 | Noticed Ilsuiw
 22814 | Shoals:3 | Demolished by an alligator snapping turtle

Vault maps used:
D:1:      scummos_arrival_hexagon
D:2:      nicolae_overflow_hidden_temple, gammafunk_temple_overflow_forgotten,
          lemuel_zombie_altar_kikubaaqudgha
D:3:      uniq_robin, uniq_grinder, uniq_crazy_yiuf_cottage
D:4:      lemuel_doored_altar, gammafunk_temple_overflow_elements, first_bread,
          uniq_duvessa, uniq_sigmund
D:5:      serial_shops, shop_fountains
D:6:      kennysheep_steamy, lemuel_coloured_pillars_altar,
          minmay_temple_entry_purple_smoke, kennysheep_okawaru_gauntlet
D:7:      kennysheep_mini, uniq_menkaure
D:8:      overflow_temple_1_default
D:9:      hangedman_pestilent_swarm, uniq_erica
D:10:     grunt_lair_entry_orc_guard_hut, orc_0_dummy, minmay_orc_keep
Lair:2:   special_room, ldierk_geyser, uniq_sonja
Lair:3:   portal_ice_cave_entry_ice_beasts, lemuel_fruit_fields,
          grunt_megastairs_2, serial_bayou_shore_b, uniq_urug
Lair:4:   minmay_shoals_entry_lonely_mermaid
Shoals:2: uniq_polyphemus, uniq_nikola
Shoals:3: serial_shops, nicolae_shop_trees, overgrown_tower
Shoals:4: shoals_end_simple, shoal_ilsuiw, serial_shops, shop,
          nicolae_shoals_isolated_beach, uniq_kirke, uniq_roxanne
Orc:1:    uniq_maurice
Orc:2:    grunt_orc_cross

Skill      XL: |  1  2  3  4  5  6  7  8  9 10 11 12 13 14 |
---------------+-------------------------------------------+-----
Long Blades    | 3 4 7 8 9 10 12 14 | 14.2
Fighting       | 5 6 7 9 10 12 14 | 14.3
Armour         | 4 5 7 8 10 12 14 | 14.2
Shields        | 4 5 6 7 8 10 14 15 | 15.0
Throwing       | 1 3 4 5 7 8 |  8.0
Invocations    | 3 4 5 |  5.3
Dodging        | 2 4 |  4.5
Evocations     | 2 4 |  4.0
Stealth        | |  0.5

Action                   |  1- 3 |  4- 6 |  7- 9 | 10-12 | 13-15 || total
-------------------------+-------+-------+-------+-------+-------++-------
Melee: Long sword        |   100 |   179 |   314 |    94 |       ||   687
       Scimitar          |       |       |       |   655 |   668 ||  1323
Throw: Stone             |       |     1 |       |       |       ||     1
       Javelin           |       |       |       |    13 |     8 ||    21
Invok: Heroism           |       |       |       |     7 |       ||     7
       Finesse           |       |       |       |     2 |     3 ||     5
  Use: Potion            |       |     7 |     4 |     4 |     3 ||    18
       Scroll            |       |     5 |     3 |    11 |     8 ||    27
  Eat: Chunk             |     1 |    18 |    18 |    48 |    37 ||   122
       Pizza             |       |       |       |       |     1 ||     1
